 Dungeon Crawl Stone Soup version 0.31-a0-259-g771a54ca4b (webtiles) character file.

Game seed: 17918419532428799047

81 qw the Shooter (level 4, 0/26 HPs)
             Began as a Gargoyle Hexslinger on July 13, 2023.
             Slain by a bullfrog (5 damage)
             ... on level 3 of the Dungeon.
             The game lasted 00:00:40 (1433 turns).

qw the Shooter (Gargoyle Hexslinger)                Turns: 1433, Time: 00:00:40

Health: 0/26       AC:  6    Str: 11    XL:     4   Next: 42%
Magic:  5/5        EV: 12    Int: 14    God:
Gold:   103        SH:  0    Dex: 14    Spells: 4/5 levels left

rFire   . . .        Y - +1 sling
rCold   . . .        (no shield)
rNeg    + . .        c - +0 robe
rPois   inf          (no helmet)
rElec   +            f - +0 cloak
rCorr   .            (no gloves)
SInv    .            (no boots)
Will    .....        (no amulet)
Stlth   +            (no ring)
HPRegen 0.24/turn    (no ring)
MPRegen 0.09/turn

%: no passive effects
@: no status effects
A: sickness immunity, AC +3, negative energy resistance 1, electricity
resistance, torment resistance 1, petrification resistance
a: no special abilities


You were on level 3 of the Dungeon.
You visited 1 branch of the dungeon, and saw 3 of its levels.

You collected 103 gold pieces.


Innate Abilities, Weirdness & Mutations

You are immune to sickness and miasma.
Your stone body is resilient. (AC +3)
You are immune to poison.
You resist negative energy. (rN+)
You are resistant to electric shocks. (rElec)
You are resistant to unholy torment.
You are immune to petrification.


   Skills:
 - Level 2.0 Fighting
 + Level 4.2 Ranged Weapons
 - Level 1.5 Dodging
 - Level 1.0 Spellcasting
 - Level 2.6 Hexes


You had 4 spell levels left.
You knew the following spells:

 Your Spells              Type           Power      Damage    Failure   Level
a - Slow                  Hex            32%        N/A       9%          1

Your spell library contained the following spells:

 Spells                   Type           Power      Damage    Failure   Level
 Inner Flame              Hex/Fire       4%         N/A       41%         3
 Portal Projectile        Hex/Tloc       8%         N/A       41%         3
 Cause Fear               Hex            4%         N/A       65%         4

Inventory:

Hand Weapons
 Y - a +1 sling (weapon)
Armour
 a - a +0 ring mail
 c - a +0 robe (worn)
 f - a +0 cloak (worn)
Scrolls
 d - a scroll of identify
Potions
 b - a potion of brilliance {unknown}
 e - 2 potions of curing {unknown}
 g - a potion of might {unknown}
 h - a potion of heal wounds {unknown}

Dungeon Overview and Level Annotations

Branches:
Dungeon (3/15)

Altars:


Message History

The bullfrog barely misses you.
The bullfrog hits you but does no damage.
You shoot a sling bullet. The sling bullet hits the bullfrog.
The bullfrog is moderately wounded.
The bullfrog barely misses you. x2
You shoot a sling bullet. The sling bullet hits the bullfrog.
The bullfrog is moderately wounded.
The bullfrog hits you but does no damage.
You shoot a sling bullet.
The sling bullet closely misses the bullfrog.
The bullfrog hits you. The bullfrog completely misses you.
You shoot a sling bullet.
The sling bullet closely misses the bullfrog.
The bullfrog hits you but does no damage. x2
You shoot a sling bullet.
The sling bullet barely misses the bullfrog.
The bullfrog barely misses you. x2
You shoot a sling bullet.
The sling bullet hits the bullfrog but does no damage.
The bullfrog is moderately wounded.
The bullfrog misses you.
You shoot a sling bullet.
The sling bullet closely misses the bullfrog.
The bullfrog hits you. The bullfrog closely misses you.
You shoot a sling bullet. The sling bullet hits the bullfrog!
The bullfrog is severely wounded.
The bullfrog hits you. x2
You shoot a sling bullet.
The sling bullet barely misses the bullfrog.
The bullfrog barely misses you. The bullfrog closely misses you.
You shoot a sling bullet.
The sling bullet barely misses the bullfrog.
The bullfrog hits you. The bullfrog barely misses you.
You shoot a sling bullet.
The sling bullet closely misses the bullfrog.
The bullfrog hits you.
You shoot a sling bullet. The sling bullet hits the bullfrog!
The bullfrog is almost dead.
The bullfrog closely misses you. The bullfrog hits you.
You die...

#. #. .. ### .# #.
..# ..# #. #.# ..#
. #. #.# ..#
...?##F#####.##..#
#
.......@.........##
#
#.................#
#
.#.###.%........#.#
# #######...##.# #
##...#.# #
#...#.######
####...#....)..
###.........#####
.....^......%....


You could see a bullfrog.

Vanquished Creatures
  2 adders
  A dart slug (D:1)
  4 bats
  5 endoplasms
  A giant cockroach (D:1)
  6 goblins
  5 hobgoblins
  7 jackals
  5 kobolds
  5 quokkas
  5 ball pythons
  4 frilled lizards
  3 rats
53 creatures vanquished.

Notes
Turn   | Place    | Note
-------+----------+-------------------------------------------
     0 | D:1      | qw the Gargoyle Hexslinger began the quest for the Orb.
     0 | D:1      | Reached XP level 1. HP: 12/12 MP: 2/2
     0 | D:1      | 0 ||| qw: Version: 0.3-a-52-g30416fa
     0 | D:1      | 0 ||| qw: Game counter: 6848
     0 | D:1      | 0 ||| qw: Melee chars always use a shield: true
     0 | D:1      | 0 ||| qw: God list: Okawaru
     0 | D:1      | 0 ||| qw: Allow faded altars: false
     0 | D:1      | 0 ||| qw: Do Orc after clearing Dungeon:15 true
     0 | D:1      | 0 ||| qw: Do second Lair branch before Depths: true
     0 | D:1      | 0 ||| qw: Lair rune preference: random
     0 | D:1      | 0 ||| qw: Goals: Normal
     0 | D:1      | 0 ||| PLANNING D:1-11
    85 | D:1      | Reached XP level 2. HP: 16/16 MP: 3/3
   247 | D:1      | Reached skill level 3 in Ranged Weapons
   327 | D:1      | Reached XP level 3. HP: 21/21 MP: 4/4
   472 | D:1      | Found a faded altar of an unknown god.
   680 | D:1      | 680 ||| UPGRADING to +0 cloak.
   685 | D:1      | 685 ||| READING scroll labelled IKIMOTTI FOADO.
   686 | D:1      | 686 ||| READING scroll labelled UPTOMP MUULOT.
   687 | D:1      | 687 ||| DROPPING scroll of poison.
   924 | D:2      | Reached XP level 4. HP: 26/26 MP: 5/5
  1222 | D:2      | Reached skill level 4 in Ranged Weapons
  1279 | D:2      | 1279 ||| DROPPING ring of wizardry.
  1373 | D:3      | 1373 ||| FLEEEEING.
  1374 | D:3      | 1374 ||| FLEEEEING.
  1375 | D:3      | 1375 ||| FLEEEEING.
  1376 | D:3      | 1376 ||| FLEEEEING.
  1417 | D:3      | Noticed a bullfrog
  1432 | D:3      | HP: 5/26 [bullfrog (2)]
  1433 | D:3      | Slain by a bullfrog

Levels and vault maps discovered:
D:1:      lemuel_arrival_lava_pool, layout_basic,
          dreamdust_ecumenical_altar_angels_and_demons
D:2:      layout_basic, minmay_misc_feat_ornament
D:3:      layout_loops_ring, uniq_robin

Skill      XL: |  1  2  3  4 |
---------------+-------------+-----
Ranged Weapons | 3 4 |  4.2
Fighting       | 2 |  2.0
Dodging        | |  1.5
Spellcasting   | |  1.0
Hexes          | |  2.6

Action                     |  1- 3 |  4- 6 || total
---------------------------+-------+-------++-------
   Fire: Sling             |   132 |    49 ||   181
    Use: Scroll            |     2 |       ||     2
 Armour: Robe              |    33 |     8 ||    41
  Dodge: Dodged            |    57 |    20 ||    77

Table legend:
 A = Non-vault XP
 B = Vault XP
 C = Vault XP percentage of total XP
 D = Non-vault monster count
 E = Vault monster count
 F = Vault count percentage of total count
                 A         B        C        D         E       F
            +---------+---------+-------+---------+---------+-------
      Total |     117 |       0 |   0.0 |      53 |       0 |   0.0
            +---------+---------+-------+---------+---------+-------
        D:1 |      54 |       0 |   0.0 |      30 |       0 |   0.0
        D:2 |      44 |       0 |   0.0 |      18 |       0 |   0.0
        D:3 |      19 |       0 |   0.0 |       5 |       0 |   0.0
            +---------+---------+-------+---------+---------+-------
